 Dungeon Crawl Stone Soup version 0.29.1-12-g30fa7ad0bf (webtiles) character file.

Game seed: 10299631981477623704

892 DildoBatman the Magician (level 8, 0/58 HPs)
             Began as a Formicid Conjurer on Jan 7, 2023.
             Was an Initiate of Kikubaaqudgha.
             Slain by a hound (4 damage)
             ... on level 5 of the Dungeon.
             The game lasted 00:08:51 (3552 turns).

DildoBatman the Magician (Formicid Conjurer)        Turns: 3552, Time: 00:08:51

Health: 0/58       AC:  2    Str: 13    XL:     8   Next: 27%
Magic:  10/17      EV: 12    Int: 19    God:    Kikubaaqudgha [......]
Gold:   199        SH:  0    Dex: 12    Spells: 16/19 levels left

rFire   . . .      SeeInvis +   b - +3 mace
rCold   . . .      Faith    .   (no shield)
rNeg    . . .      Spirit   .   G - +0 robe
rPois   .          Reflect  .   (helmet unavailable)
rElec   .          Harm     .   (no cloak)
rCorr   .          Rampage  .   (no gloves)
Will    .....                   (no boots)
Stlth   ++........              (no amulet)
HPRegen 0.19/turn               h - ring of flight
MPRegen 0.15/turn               j - +4 ring of slaying

@: flying
A: permanent stasis, dig shafts and tunnels, antennae 3, four strong arms
a: Dig, Shaft Self, Renounce Religion


You were on level 5 of the Dungeon.
You worshipped Kikubaaqudgha.
Kikubaaqudgha was noncommittal.
You visited 1 branch of the dungeon, and saw 7 of its levels.

You collected 199 gold pieces.

Inventory:

Hand Weapons
 a - a +0 longbow
 b - a +3 mace (weapon)
Missiles
 c - 49 stones
 e - 4 poisoned darts
 t - 7 boomerangs
 z - a throwing net
Armour
 y - a +0 ring mail of poison resistance
 G - a +0 robe (worn)
Jewellery
 h - a ring of flight (left hand)
 j - a +4 ring of slaying (right hand)
Wands
 o - a wand of iceblast (5)
Scrolls
 f - a scroll of noise {unknown}
 k - 3 scrolls of identify {unknown}
 l - 2 scrolls of torment {unknown}
 n - a scroll of brand weapon {unknown}
 p - 4 scrolls of immolation {unknown}
 r - a scroll of blinking {unknown}
 u - a scroll of enchant weapon {unknown}
 v - a scroll of fear {unknown}
 B - 3 scrolls of amnesia {unknown}
Potions
 d - a potion of haste {unknown}
 g - a potion of brilliance {unknown}
 i - a potion of degeneration {unknown}
 m - a potion of might {unknown}
 q - 4 potions of curing {unknown}
 s - 2 potions of ambrosia {unknown}
 w - a potion of lignification {unknown}
 x - a potion of berserk rage {unknown}
 A - a potion of cancellation {unknown}
 C - a potion of heal wounds {unknown}
 E - a potion of invisibility {unknown}
 F - a potion of magic


   Skills:
 - Level 3.0 Fighting
 - Level 3.0 Armour
 - Level 2.0 Dodging
 - Level 2.4 Stealth
 * Level 6.1 Spellcasting
 - Level 6.0 Conjurations


You had 16 spell levels left.
You knew the following spells:

 Your Spells              Type           Power      Damage    Failure   Level
a - Searing Ray           Conj           56%        2d6       1%          2
c - Magic Dart            Conj           100%       1d8       1%          1

Your spell library contained the following spells:

 Spells                   Type           Power      Damage    Failure   Level
 Dazzling Flash           Conj/Hex       34%        N/A       10%         3
 Call Canine Familiar     Summ           5%         N/A       32%         3
 Portal Projectile        Hex/Tloc       10%        N/A       32%         3
 Fulminant Prism          Conj/Hex       8%         3d7       32%         4
 Iskenderun's Mystic Bla  Conj/Tloc      17%        2d5       32%         4
 Leda's Liquefaction      Hex/Erth       2%         N/A       73%         4


Dungeon Overview and Level Annotations

Branches:
Dungeon (8/15)             Temple (0/1) D:5
   Lair: D:8-11

Altars:
Dithmenos
Kikubaaqudgha
Sif Muna

Annotations:
D:6 exclusion: centaur


Innate Abilities, Weirdness & Mutations

You cannot be hasted, slowed, berserked, paralysed or teleported.
You can dig through walls and to a lower floor.
You have a pair of large antennae on your head. (SInv)
Your four strong arms can wield two-handed weapons with a shield.


Message History

The searing ray hits the killer bee!
The killer bee is almost dead.
The killer bee stings you! The killer bee closely misses you.
The searing ray hits the killer bee!
You kill the killer bee!
Kikubaaqudgha accepts your kill.
You finish channelling your searing ray.
The hound completely misses you.
Your Spellcasting skill increases to level 6!
b - a +3 mace (weapon)
The hound barely misses you.
You barely miss the hound. The hound closely misses you. The hound bites you.
An orc comes into view. It is wielding a +0 hand axe.
You hit the hound.
The hound is moderately wounded.
The hound bites you but does no damage. The hound bites you.
You hit the hound.
The hound is moderately wounded.
The hound closely misses you. The hound bites you but does no damage.
Casting: Searing Ray (safe; 1% risk of failure)
Confirm with . or Enter, or press ? or * to list all spells.
Aiming: Magic Dart (safe; 1% risk of failure)
Press: ? - help, Shift-Dir - straight line, f - hound
Aim: a hound (moderately wounded, 100% to hit)
Okay, then.
Casting: Magic Dart (safe; 1% risk of failure)
Confirm with . or Enter, or press ? or * to list all spells.
Aiming: Searing Ray (safe; 1% risk of failure)
Press: ? - help, Shift-Dir - straight line, f - hound
Aim: a hound (moderately wounded, 71% to hit)
The searing ray misses the hound. (Press . to maintain the ray.)
The hound bites you.
You die...
Kikubaaqudgha rasps: "You have failed me!
Welcome... death!"

#.##.##...........§§.
#..........#.≈≈§≈≈
#..........#.§...§
#..........#.≈.§§≈
#.###'###..#.≈.§§§
#.#.....####.≈.≈.§ ..
#.#.⌠.⌠.# ..§.≈_≈
.... #)'..>..+
#..≈.§≈≈ .....
#@#.⌠.⌠.#
.....###h#.....#
.........###'###
...........#...$....
...........#........
........)..#........
...........#........
........(..#........
...........#........


You could see a hound.

Vanquished Creatures
  A wyvern (D:8)
  A centaur (D:5)
  2 bullfrogs
  A necrophage (D:7)
  2 wights (D:6)
  A killer bee (D:5)
  A jelly (D:5)
  A hound (D:7)
  An orc priest (D:8)
  An iguana (D:6)
  3 orc wizards
  3 gnolls (D:7)
  4 adders
  A white imp (D:6)
  2 dart slugs
  10 orcs
  2 bats (D:1)
  6 endoplasms
  4 giant cockroaches (D:1)
  3 hobgoblins
  6 jackals (D:1)
  A quokka (D:1)
  3 ball pythons
  2 frilled lizards
  5 kobolds
  4 rats (D:2)
71 creatures vanquished.

Notes
Turn   | Place    | Note
-------+----------+-------------------------------------------
     0 | D:1      | DildoBatman the Formicid Conjurer began the quest for the
                  | Orb.
     0 | D:1      | Reached XP level 1. HP: 13/13 MP: 3/3
    69 | D:1      | Found a faded altar of an unknown god.
   369 | D:1      | Reached XP level 2. HP: 18/20 MP: 1/5
   372 | D:1      | Learned a level 2 spell: Searing Ray
   694 | D:1      | Reached skill level 1 in Armour
   764 | D:1      | Reached XP level 3. HP: 13/25 MP: 6/6
   765 | D:1      | Reached skill level 1 in Fighting
  1807 | D:3      | Reached XP level 4. HP: 32/32 MP: 3/8
  1809 | D:3      | You are sucked into a shaft and drop 2 floors!
  1809 | D:5      | Entered Level 5 of the Dungeon
  1837 | D:5      | You are sucked into a shaft and drop 1 floor!
  1837 | D:6      | Found an ancient bone altar of Kikubaaqudgha.
  1843 | D:6      | Became a worshipper of Kikubaaqudgha
  1978 | D:6      | Reached XP level 5. HP: 32/38 MP: 2/9
  2001 | D:6      | Noticed an ice beast
  2024 | D:6      | You are sucked into a shaft and drop 2 floors!
  2423 | D:8      | Noticed a yak
  2423 | D:8      | Noticed a yak
  2468 | D:8      | Reached XP level 6. HP: 36/46 MP: 5/11
  2524 | D:8      | Noticed a wyvern
  2532 | D:8      | Killed a wyvern
  2654 | D:7      | Found a shimmering blue altar of Sif Muna.
  2692 | D:7      | Reached skill level 5 in Conjurations
  2692 | D:7      | Reached XP level 7. HP: 43/52 MP: 6/13
  3176 | D:6      | Reached skill level 5 in Spellcasting
  3229 | D:6      | Reached XP level 8. HP: 58/58 MP: 8/15
  3481 | D:5      | Found a shadowy altar of Dithmenos.
  3491 | D:5      | Found a staircase to the Ecumenical Temple.
  3552 | D:5      | Slain by a hound

Illustrated notes

Levels and vault maps discovered:
D:1:      nagdon_arrival_double_spiral, layout_basic,
          ebering_ecumenical_altar_rust
D:2:      layout_basic, supply_closet_lemuel, minmay_misc_feat_five,
          minmay_liquid_box
D:3:      layout_loops_corners, gammafunk_temple_overflow_wave, uniq_terence,
          uniq_crazy_yiuf_cottage, uniq_natasha
D:5:      layout_basic, mainiacjoe_overflow_catwalk_spiral,
          nicolae_uskayaw_en_pointe, minmay_temple_entry_hall
D:6:      layout_basic, mainiacjoe_overflow_24_doors
D:7:      layout_gridville, nicolae_overflow_crystal_walls,
          corexii_leaking_fountain, nicolae_concentric_dashed_squares_mild,
          dreamdust_gnoll_farm
D:8:      layout_loops_ring, minmay_small_thing

Skill      XL: |  1  2  3  4  5  6  7  8 |
---------------+-------------------------+-----
Dodging        | 2 |  2.0
Armour         | 1 2 3 |  3.0
Fighting       | 1 2 3 |  3.0
Conjurations   | 4 5 6 |  6.0
Spellcasting   | 3 4 5 6 |  6.1
Stealth        | |  2.4

Action                   |  1- 3 |  4- 6 |  7- 9 || total
-------------------------+-------+-------+-------++-------
Melee: Mace              |    24 |    11 |     9 ||    44
       Spear             |       |       |     5 ||     5
 Fire: Longbow           |       |       |     7 ||     7
 Cast: Magic Dart        |    66 |    22 |    17 ||   105
       Searing Ray       |     1 |    10 |    13 ||    24
 Abil: Shaft Self        |       |     3 |       ||     3
  Use: Scroll            |       |     1 |       ||     1
 Stab: Sleeping          |     2 |       |       ||     2
Armor: Robe              |     9 |     4 |     6 ||    19
Dodge: Dodged            |    38 |    14 |    16 ||    68
